 Dungeon Crawl Stone Soup version 0.27-a0-1196-g3e9cee4cb2 (webtiles) character file.

Game seed: 10136737633606899131

38781 rjrrt the Grappler (level 13, -5/131 HPs)
             Began as a Troll Fighter on May 27, 2021.
             Was the Champion of Okawaru.
             Slain by a dire elephant (25 damage)
             ... on level 5 of the Lair of Beasts.
             The game lasted 00:50:30 (16834 turns).

rjrrt the Grappler (Troll Fighter)                 Turns: 16834, Time: 00:50:30

Health: -5/131     AC: 11    Str: 31    XL:     13   Next: 65%
Magic:  18/18      EV: 10    Int:  4    God:    Okawaru [******]
Gold:   1286       SH: 12    Dex:  9    Spells: 12/12 levels left

rFire    . . .     SeeInvis +   c - +4 flail (freeze)
rCold    . . .     Faith    .   b - +0 kite shield
rNeg     . . .     Spirit   .   x - +2 robe {Archmagi}
rPois    +         Reflect  .   q - +2 hat {Will+}
rElec    .         Harm     .   L - +2 cloak {rCorr}
rCorr    +         Rampage  .   (gloves unavailable)
Will     +....                  (boots unavailable)
Stlth    +.........             I - amulet of the acrobat
HPRegen  1.31/turn              e - ring of poison resistance
MPRegen  0.16/turn              h - ring of see invisible

@: about to teleport, studying Ice Magic
A: large, unfitting armour, claws 3, regeneration 1, shaggy fur 1, tough skin 1
a: Renounce Religion, Heroism, Finesse


You were on level 5 of the Lair of Beasts.
You worshipped Okawaru.
Okawaru was exalted by your worship.
You visited 3 branches of the dungeon, and saw 18 of its levels.
You also visited: Sewer, Bailey and Ice Cave.

You collected 1650 gold pieces.
You spent 364 gold pieces at shops.

Inventory:

Hand Weapons
 c - a +4 flail of freezing (weapon)
 k - a +1 glaive
Missiles
 d - 5 throwing nets
 f - 25 boomerangs (quivered)
 p - 2 curare-tipped darts
 y - 12 large rocks
 z - a boomerang of dispersal
 E - 69 poisoned darts
 K - 13 datura-tipped darts
Armour
 b - a +0 kite shield (worn)
 q - a +2 hat of willpower (worn)
 x - a +2 robe of the Archmagi (worn)
 L - a +2 cloak of preservation (worn)
Jewellery
 e - a ring of poison resistance (left claw)
 h - a ring of see invisible (right claw)
 l - a ring of positive energy
 I - an amulet of the acrobat (around neck)
Wands
 o - a wand of iceblast (54)
 s - a wand of flame (33)
 H - a wand of polymorph (10)
Scrolls
 u - a scroll of fog
 v - 5 scrolls of teleportation
 A - a scroll of magic mapping
 G - 9 scrolls of identify
 J - 3 scrolls of enchant armour
 M - a scroll of amnesia
Potions
 g - 3 potions of ambrosia
 i - 3 potions of flight
 j - 3 potions of lignification
 m - 9 potions of brilliance
 n - 2 potions of haste
 r - 3 potions of attraction
 t - 4 potions of magic
 w - 5 potions of curing
 B - 2 potions of mutation
 C - 3 potions of cancellation
 D - a potion of resistance
 F - 5 potions of might


   Skills:
 + Level 9.0 Fighting
 + Level 11.7 Throwing
 - Level 2.4 Dodging
 - Level 9.0 Shields
 * Level 14.0 Unarmed Combat
 - Level 8.0 Invocations


You had 12 spell levels left.
You didn't know any spells.
Your spell library contained the following spells:

 Spells                   Type           Power      Damage    Failure   Level
 Animate Skeleton         Necr           0%         N/A       50%         1
 Beastly Appendage        Tmut           0%         N/A       50%         1
 Corona                   Hex            0%         N/A       50%         1
 Foxfire                  Conj/Fire      0%         2x1d4     50%         1
 Freeze                   Ice            0%         1d3       50%         1
 Pain                     Necr           0%         1d4       50%         1
 Corpse Rot               Necr/Air       N/A        N/A       65%         2
 Slow                     Hex            0%         N/A       65%         2
 Static Discharge         Conj/Air       0%         N/A       65%         2
 Wereblood                Tmut           0%         N/A       65%         2
 Confusing Touch          Hex            0%         N/A       86%         3
 Conjure Flame            Conj/Fire      0%         6-21      86%         3
 Frozen Ramparts          Ice            0%         1d2       86%         3
 Gell's Gravitas          Tloc           0%         N/A       86%         3
 Inner Flame              Hex/Fire       0%         N/A       86%         3
 Ozocubu's Armour         Ice            0%         N/A       86%         3
 Portal Projectile        Hex/Tloc       0%         N/A       86%         3
 Spider Form              Tmut/Pois      0%         N/A       86%         3
 Vampiric Draining        Necr           0%         2d6       86%         3
 Animate Dead             Necr           0%         N/A       99%         4
 Cause Fear               Hex            0%         N/A       99%         4
 Hailstorm                Conj/Ice       0%         3d3       99%         4
 Ice Form                 Ice/Tmut       0%         N/A       99%         4
 Leda's Liquefaction      Hex/Erth       0%         N/A       99%         4
 Petrify                  Tmut/Erth      0%         N/A       99%         4
 Sticky Flame             Conj/Fire      0%         2d3       99%         4
 Agony                    Necr           0%         N/A       100%        5
 Fireball                 Conj/Fire      0%         3d3       100%        5
 Hydra Form               Tmut           0%         N/A       100%        5
 Irradiate                Conj/Tmut      0%         3d13      100%        5
 Lightning Bolt           Conj/Air       0%         1d11      100%        5
 Metabolic Englaciation   Hex/Ice        0%         N/A       100%        5
 Silence                  Hex/Air        0%         N/A       100%        5
 Yara's Violent Unravell  Hex/Tmut       0%         3d3       100%        5
 Freezing Cloud           Conj/Ice/Air   0%         6-21      100%        6
 Discord                  Hex            0%         N/A       100%        8


Dungeon Overview and Level Annotations

Branches:
Dungeon (11/15)            Temple (1/1) D:5            Lair (6/6) D:9
  Swamp (0/4) Lair:2       Spider (0/4) Lair:2        Slime (0/5) Lair:6
    Orc (0/2) D:11          Sewer (visited)          Bailey (visited)
  IceCv (visited)

Altars:
Ashenzari
Cheibriados
Dithmenos
Elyvilon
Fedhas
Gozag
Makhleb
Nemelex Xobeh
Okawaru
Qazlal
Ru
Sif Muna
Uskayaw
Vehumet
Wu Jian
Yredelemnul
The Shining One
Jiyva

Shops:
D:4 =   D:8 !   D:11 ([:**

Annotations:
D:11 4 runed translucent doors
Lair:6 1 runed translucent door


Innate Abilities, Weirdness & Mutations

You are too large for most types of armour.
You have claws for hands.
Your natural rate of healing is unusually fast.
You are covered in fur. (AC +1)
You have tough skin. (AC +1)


Message History

The six-headed hydra bites you but does no damage.
The six-headed hydra bites you!
* * * LOW HITPOINT WARNING * * *
You block the six-headed hydra's attack.
The dire elephant tramples you.
* * * LOW HITPOINT WARNING * * *
You hold your ground!
The dire elephant closely misses you.
Your wolf bites the dire elephant but does no damage.
Your wolf bites the dire elephant.
Your boulder beetle bites the six-headed hydra!
Unknown command.
Your wolf bites the dire elephant but does no damage.
Your wolf bites the dire elephant.
Your wolf bites the dire elephant but does no damage.
The dire elephant misses your wolf. x2
Your wolf bites the dire elephant but does no damage. x4
The six-headed hydra bites your wolf.
The six-headed hydra bites your wolf! x2
Your wolf dies!
Your wolf's corpse dissolves into shadows!
The six-headed hydra bites your polar bear.
The six-headed hydra bites your polar bear!
The six-headed hydra bites your polar bear.
Your polar bear bites the six-headed hydra!
Your polar bear claws the six-headed hydra.
Your polar bear barely misses the six-headed hydra.
Your boulder beetle leaps!
Unknown command.
Unknown command.
Unknown command.
Okay, then.
As you read the scroll of teleportation, it crumbles to dust.
You feel strangely unstable.
Your water moccasin bites the plant.
The plant begins to die.
Your wolf bites the six-headed hydra!
Your wolf bites the dire elephant but does no damage.
Your wolf bites the dire elephant!
Your water moccasin bites the plant.
Your wolf bites the six-headed hydra!
The six-headed hydra dies!
Okawaru accepts your kill.
Your wolf bites the dire elephant!
The dire elephant tramples you!!
You die...

.......P# ##................
#.#.....#### #...#.............
####.....#P# #...#............#
#.##......B#####.#####.......####
.#.#.......P.P#S#.# ####....##
.....#......P.P.hâ—‹# ##.##.#
.....###....#.h.h## ###### ....##
#..##.##hY# ##.## #..####P.@#
#### #### #####


You could see a dire elephant (ally target), a friendly boulder beetle
(summoned), a friendly polar bear (summoned), a friendly water moccasin
(summoned) and 3 friendly wolves.

Vanquished Creatures
  Harold (Lair:2)
  3 hydras
  A catoblepas (Lair:5)
  A merfolk avatar (Lair:6)
  A two-headed ogre (D:11)
  A deep elf pyromancer (D:11)
  A will-o-the-wisp (Lair:2)
  An oklob plant (Lair:1)
  2 manticores (Lair:6)
  2 elephants (Lair:6)
  An ice statue (IceCv)
  4 black mambas
  6 cane toads
  Psyche (D:9)
  12 komodo dragons
  7 rime drakes
  10 freezing wraiths (IceCv)
  4 polar bears
  2 hornets
  9 dream sheep (Lair:4)
  Sigmund (D:2)
  A vampire (D:11)
  2 shadows
  52 yaks
  8 wyverns
  A death yak simulacrum (IceCv)
  4 basilisks
  12 water moccasins
  5 orc warriors
  2 sky beasts
  A necrophage (D:8)
  Purgy (Sewer)
  5 black bears
  8 ice beasts
  2 ogres
  6 centaurs
  A wolf (Lair:3)
  A phantom (D:5)
  Blork the orc (D:4)
  3 kobold brigands
  14 bullfrogs
  4 scorpions
  A water moccasin skeleton (D:5)
  7 killer bees
  A swamp dragon simulacrum (IceCv)
  The ghost of IdlyInterested the Slasher, a weakling DsGl (D:3)
  5 wights (D:8)
  A howler monkey (D:9)
  2 bullfrog zombies
  A centaur zombie (D:9)
  2 draconian simulacra (IceCv)
  4 orc priests
  3 bullfrog skeletons
  Crazy Yiuf (D:4)
  A centaur skeleton (D:5)
  A gnoll shaman (D:10)
  Jessica (D:2)
  4 orc wizards
  Natasha (thrice) (D:2)
  An iguana (D:5)
  7 troll simulacra (IceCv)
  A spriggan simulacrum (IceCv)
  2 wolf simulacra (IceCv)
  Robin (D:2)
  10 gnolls
  12 adders
  9 naga simulacra (IceCv)
  11 white imps
  3 worms
  2 dart slugs
  31 orcs
  9 ball pythons
  10 endoplasms
  3 giant cockroaches
  18 goblins
  16 hobgoblins
  9 jackals
  4 quokkas
  8 bats
  12 frilled lizards
  23 kobolds
  8 rats
454 creatures vanquished.

Vanquished Creatures (collateral kills)
  A hydra (Lair:5)
  A necromancer (IceCv)
  An ogre (D:4)
  A troll simulacrum (IceCv)
  2 white imps (IceCv)
6 creatures vanquished.

Vanquished Creatures (others)
  2 foxfires (Lair:2)
  43 fungi
  104 plants
149 creatures vanquished.

Grand Total: 609 creatures vanquished

Notes
Turn   | Place    | Note
-------+----------+-------------------------------------------
     0 | D:1      | rjrrt the Troll Fighter began the quest for the Orb.
     0 | D:1      | Reached XP level 1. HP: 22/22 MP: 0/0
   164 | D:1      | Reached XP level 2. HP: 29/29 MP: 1/1
   221 | D:1      | Found a faded altar of an unknown god.
   374 | D:1      | Reached XP level 3. HP: 30/36 MP: 2/2
   652 | D:2      | Noticed Sigmund
   680 | D:2      | Killed Sigmund
   681 | D:2      | Reached skill level 1 in Throwing
   681 | D:2      | Reached skill level 3 in Unarmed Combat
   681 | D:2      | Reached XP level 4. HP: 45/45 MP: 3/3
   681 | D:2      | Reached XP level 5. HP: 53/53 MP: 4/4
   805 | D:2      | Found a radiant altar of Vehumet.
   805 | D:2      | Noticed Jessica
   824 | D:2      | Killed Jessica
   825 | D:2      | Reached skill level 4 in Unarmed Combat
   992 | D:2      | Reached XP level 6. HP: 61/61 MP: 5/5
  1024 | D:2      | Noticed Natasha
  1033 | D:2      | Killed Natasha
  1089 | D:2      | Noticed Robin
  1091 | D:2      | Noticed Natasha
  1105 | D:2      | Killed Natasha
  1110 | D:2      | Killed Robin
  1119 | D:2      | Noticed Natasha
  1140 | D:2      | Killed Natasha
  1531 | D:3      | Found a runed translucent gate.
  1531 | D:3      | Found a runed translucent gate.
  1538 | D:3      | Found a runed translucent gate.
  1539 | D:3      | Noticed IdlyInterested's ghost (weakling DsGl)
  2066 | D:3      | Identified a scroll of acquirement
  2066 | D:3      | Acquired a manual of Throwing
  2510 | D:3      | Killed IdlyInterested's ghost
  2519 | D:3      | Reached XP level 7. HP: 56/67 MP: 6/6
  2789 | D:4      | Reached skill level 5 in Unarmed Combat
  2899 | D:4      | Noticed Blork the orc
  2921 | D:4      | Killed Blork the orc
  3022 | D:4      | Found Romuh's Jewellery Shop.
  3182 | D:4      | Reached skill level 5 in Shields
  3478 | D:4      | Found a runed translucent door.
  3479 | D:4      | Noticed Crazy Yiuf
  3486 | D:4      | Killed Crazy Yiuf
  3583 | D:5      | Entered Level 5 of the Dungeon
  3785 | D:5      | Reached XP level 8. HP: 76/78 MP: 7/7
  4043 | D:5      | Found a burning altar of Makhleb.
  4043 | D:5      | Found an opulent altar of Gozag.
  4044 | D:5      | Found an ornate altar of the Wu Jian Council.
  4150 | D:5      | Reached skill level 6 in Unarmed Combat
  4209 | D:5      | Found a hide-covered altar of Uskayaw.
  4462 | D:5      | Found a staircase to the Ecumenical Temple.
  4564 | Temple   | Entered the Ecumenical Temple
  4579 | Temple   | Became a worshipper of Warmaster Okawaru
  5047 | D:6      | Reached skill level 7 in Unarmed Combat
  5047 | D:6      | Reached skill level 1 in Invocations
  5195 | D:6      | Reached * piety under Okawaru
  5212 | D:6      | Reached XP level 9. HP: 85/85 MP: 8/8
  5273 | D:6      | Found a glowing drain.
  5283 | Sewer    | Entered a sewer
  5370 | Sewer    | Noticed Purgy
  5373 | Sewer    | Killed Purgy
  5912 | D:7      | Reached skill level 5 in Throwing
  5920 | D:7      | Reached skill level 5 in Fighting
  5982 | D:7      | Identified the +4 glaive of Premature Burial {vorpal,
                  | Fragile rN+ rCorr Dex+3}
  6254 | D:7      | Reached ** piety under Okawaru
  6255 | D:7      | Reached skill level 8 in Unarmed Combat
  6836 | D:8      | Found Yvoquonu's Distillery.
  6859 | D:8      | Bought a potion of cancellation for 112 gold pieces
  6859 | D:8      | Bought a potion of mutation for 112 gold pieces
  6859 | D:8      | Bought a potion of resistance for 140 gold pieces
  7705 | D:9      | Found a flagged portal.
  7733 | Bailey   | Entered a bailey
  7733 | Bailey   | Noticed an orc knight
  7747 | Bailey   | Reached XP level 10. HP: 33/97 MP: 11/11
  7966 | D:9      | Reached *** piety under Okawaru
  8028 | D:9      | Reached skill level 9 in Unarmed Combat
  8191 | D:9      | Found a staircase to the Lair.
  8294 | D:9      | Noticed Psyche
  8300 | D:9      | Killed Psyche
  8300 | D:9      | Received a gift from Okawaru
  8553 | D:9      | Found a blossoming altar of Fedhas.
  8811 | D:10     | Entered Level 10 of the Dungeon
  9221 | D:10     | Found a broken altar of Ashenzari.
  9306 | D:10     | Found a glowing golden altar of the Shining One.
  9395 | D:11     | Found Giytoi's Armour Shop.
  9424 | D:11     | Noticed a deep elf pyromancer
  9432 | D:11     | Killed a deep elf pyromancer
  9453 | D:11     | Found Appucail's General Store.
  9468 | D:11     | Found Mijoahakk's Antique Weapon Shop.
  9502 | D:11     | Found Kuetzopn's Book Boutique.
  9524 | D:11     | Found a staircase to the Orcish Mines.
  9526 | D:11     | Noticed a four-headed hydra
  9555 | D:11     | Killed a four-headed hydra
  9555 | D:11     | Reached **** piety under Okawaru
  9556 | D:11     | Reached skill level 10 in Unarmed Combat
  9749 | D:11     | Found a huge runed translucent gate.
  9749 | D:11     | Found a huge runed translucent gate.
  9749 | D:11     | Found a huge runed translucent gate.
  9749 | D:11     | Found a huge runed translucent gate.
  9749 | D:11     | Noticed a death yak
  9749 | D:11     | Noticed a death yak
  9750 | D:11     | Noticed a manticore
  9814 | D:11     | Found Ulif's General Store.
 10103 | D:11     | Received a gift from Okawaru
 10133 | D:11     | Reached XP level 11. HP: 37/107 MP: 13/13
 10198 | D:11     | Noticed a two-headed ogre
 10205 | D:11     | Killed a two-headed ogre
 10295 | Lair:1   | Entered Level 1 of the Lair of Beasts
 10295 | Lair:1   | Noticed an oklob plant
 10376 | Lair:1   | Killed an oklob plant
 10377 | Lair:1   | Reached skill level 5 in Invocations
 10578 | Lair:1   | Reached ***** piety under Okawaru
 10609 | Lair:1   | Received a gift from Okawaru
 10914 | Lair:1   | Reached skill level 11 in Unarmed Combat
 11219 | Lair:2   | Found a hole to the Spider Nest.
 11275 | Lair:2   | Acquired 452 gold pieces
 11278 | Lair:2   | Found a staircase to the Swamp.
 11982 | Lair:2   | Noticed Harold
 11989 | Lair:2   | Killed Harold
 12315 | Lair:3   | Reached XP level 12. HP: 118/118 MP: 12/15
 12442 | Lair:3   | Reached skill level 10 in Throwing
 12760 | Lair:3   | Received a gift from Okawaru
 12820 | Lair:3   | Reached skill level 12 in Unarmed Combat
 13528 | Lair:4   | Found a frozen archway.
 13539 | IceCv    | Entered an ice cave
 13785 | IceCv    | Identified the Guide on the Harmful Birds
 13811 | IceCv    | Found an ancient bone altar of Kikubaaqudgha.
 13854 | IceCv    | Received a gift from Okawaru
 14788 | Lair:4   | Reached XP level 13. HP: 97/127 MP: 17/17
 14798 | Lair:4   | Reached ****** piety under Okawaru
 14806 | Lair:4   | Reached skill level 13 in Unarmed Combat
 15440 | Lair:5   | You fall into a shaft and drop 1 floor!
 15440 | Lair:6   | Entered Level 6 of the Lair of Beasts
 15479 | Lair:6   | Found a runed translucent door.
 15479 | Lair:6   | Found a viscous altar of Jiyva.
 15492 | Lair:6   | Found a staircase to the Slime Pits.
 15597 | Lair:6   | Received a gift from Okawaru
 15750 | Lair:6   | Received a gift from Okawaru
 15782 | Lair:6   | Received a gift from Okawaru
 15982 | Lair:6   | Received a gift from Okawaru
 16598 | Lair:5   | Reached skill level 14 in Unarmed Combat
 16824 | Lair:6   | Noticed a dire elephant
 16834 | Lair:5   | Slain by a dire elephant

Illustrated notes

Levels and vault maps discovered:
D:1:      amcnicky_arrival_abandoned_market, layout_loops_ring,
          hellmonk_ecumenical_altar_prayer_group, minmay_tetromino_s2
D:2:      layout_loops_cross, basic_altar, minmay_lizard_pond, uniq_robin,
          uniq_natasha, uniq_sigmund, uniq_jessica
D:3:      layout_basic, gammafunk_ghost_necromancy, kennysheep_pointless_box,
          grunt_ministairs_3, minmay_checkerbox
D:4:      layout_loops_ring, serial_shops, shop_statue,
          minmay_increasing_density, uniq_crazy_yiuf_cottage, uniq_blork_the_orc
D:5:      kennysheep_big_flooded_room, layout_loops_corners,
          nicolae_overflow_quartered_altars,
          minmay_temple_entry_drinking_statues
D:6:      layout_basic, gup_sewer_entry_pipe
D:7:      layout_rooms
D:8:      layout_loops_ring, serial_shops, nicolae_shop_stone,
          minmay_misc_feat_room, chequers_serial_rivers_small_3,
          kennysheep_diamond, amcnicky_mini_pool_small,
          minmay_misc_feat_enclosed, minivault_23
D:9:      layout_loops_ring, nicolae_overflow_hidden_temple,
          grunt_lair_entry_orc_guard_hut, enter_bailey_3,
          small_statue_intersection, uniq_psyche
D:10:     layout_small_grid, lemuel_round_altar, overflow_temple_1_default
D:11:     lemuel_bear_cage, layout_basic, serial_shops,
          nicolae_shop_statue_plus, shop, nicolae_shop_behind_doors,
          nicolae_shop_trees, shop
Temple:   eino_wide_crystal_templ
Lair:1:   layout_regular_city, dpeg_stationary_puzzle
Lair:2:   layout_layer_cave, minmay_swamp_entry_wisps,
          spider_nest_entry_web_field, serial_forest,
          infiniplex_forest_lined_room_2, infiniplex_forest_end_3,
          infiniplex_forest_clump_medium, infiniplex_forest_straight_3,
          infiniplex_forest_lined_1, infiniplex_forest_end_1, uniq_harold
Lair:3:   layout_cave_shapes, beast_lair_carwin_10, grunt_megastairs_3
Lair:4:   layout_loops_ring, portal_ice_cave_entry_pillars_1
Lair:5:   layout_cave_pods, serial_bayou_shore_b
Lair:6:   gammafunk_lair_ancient_temple, layout_cave_pods, slime_altar_2

Skill      XL: |  1  2  3  4  5  6  7  8  9 10 11 12 13 |
---------------+----------------------------------------+-----
Shields        | 3 4 5 6 7 8 9 |  9.0
Fighting       | 3 4 5 6 7 8 9 |  9.0
Throwing       | 1 2 3 4 6 8 9 11 | 11.7
Unarmed Combat | 3 4 5 7 8 10 11 12 14 | 14.0
Invocations    | 1 3 4 6 7 8 |  8.0
Dodging        | |  2.4

Action                   |  1- 3 |  4- 6 |  7- 9 | 10-12 | 13-15 || total
-------------------------+-------+-------+-------+-------+-------++-------
Melee: Unarmed           |    99 |   159 |   425 |   643 |   181 ||  1507
       Flail             |       |       |       |     7 |    12 ||    19
Throw: Boomerang         |       |       |     8 |    43 |    17 ||    68
       Large rock        |       |       |       |     2 |     2 ||     4
Invok: Heroism           |       |       |     1 |    15 |     6 ||    22
Evoke: Wand              |       |       |     3 |       |       ||     3
  Use: Scroll            |       |     6 |    19 |     4 |     3 ||    32
       Potion            |       |       |     2 |     3 |     1 ||     6
 Stab: Sleeping          |     1 |       |       |       |       ||     1
       Distracted        |     1 |       |       |       |       ||     1
Armor: Robe              |    26 |    30 |    96 |   104 |    58 ||   314
Dodge: Dodged            |    45 |    48 |   142 |   155 |    94 ||   484
Block: Kite shield       |    41 |    61 |   206 |   263 |   116 ||   687

Table legend: (Time is in decaauts)
 A = Elapsed time spent in this place.
 B = Non-inter-level travel time spent in this place.
 C = Inter-level travel time spent in this place.
 D = Time resting spent in this place.
 E = Time spent auto-exploring this place.
 F = Levels seen in this place.
 G = Mean time per level.
                   A        B        C        D        E       F      G
               +--------+--------+--------+--------+--------+-----+--------+
         Total |  16785 |  16093 |    692 |   1107 |   9847 |  21 |  799.3 |
       Dungeon |  10070 |   9576 |    494 |    528 |   6308 |  11 |  915.5 |
        Temple |     30 |     16 |     14 |      0 |      0 |   1 |   30.0 |
          Lair |   5646 |   5463 |    183 |    473 |   3415 |   6 |  941.0 |
         Sewer |    219 |    219 |      0 |      0 |     74 |   1 |  219.0 |
        Bailey |     53 |     53 |      0 |     14 |      0 |   1 |   53.0 |
      Ice Cave |    766 |    766 |      0 |     92 |     49 |   1 |  766.0 |
               +--------+--------+--------+--------+--------+-----+--------+

Top non-repeatable levels by time:
     D:5: 1213 daAuts
     D:9: 1209 daAuts
     D:8: 1126 daAuts
  Lair:2: 1038 daAuts
     D:4: 1034 daAuts
     D:3: 1029 daAuts
  Lair:3: 999 daAuts
  Lair:4: 973 daAuts
  Lair:5: 957 daAuts
     D:6: 952 daAuts
  Lair:1: 934 daAuts
    D:11: 918 daAuts
     D:2: 910 daAuts
   IceCv: 766 daAuts
  Lair:6: 743 daAuts
